| TOP OF THE 1ST |
|
Burlington Royals batting - Pitching for Elizabethton Twins : RHP Ruben Calderon
|
|
Pitching: RHP Ruben Calderon
|
|
|
Batting: LHB Bobby Gonzalez
|
0-0: Ball 1-0: Ball 2-0: Called Strike 2-1: Foul Ball, location: 2F 2-2: Ball 3-2: Fly out, F7 (Flyball, 7LS, EV 85.0 MPH)
|
|
Batting: LHB Mike Bhatti
|
0-0: Ball 1-0: Ball 2-0: Called Strike 2-1: Foul Ball, location: 2F 2-2: Ball 3-2: Strikes out swinging
|
|
Batting: RHB Nick Julien
|
0-0: Ball 1-0: Ball 2-0: Called Strike 2-1: Ground out 5-3 (Groundball, 56, EV 93.1 MPH)
|
| Top of the 1st over - 0 runs, 0 hits, 0 errors, 0 left on base; Burlington 0 - Elizabethton 0 |
| BOTTOM OF THE 1ST |
|
Elizabethton Twins batting - Pitching for Burlington Royals : LHP Butch Ott
|
|
Pitching: LHP Butch Ott
|
|
|
Batting: RHB Caleb Bockmann
|
0-0: Swinging Strike 0-1: Swinging Strike 0-2: Strikes out swinging
|
|
Batting: RHB Kevin Harris
|
0-0: Ball 1-0: Foul Ball, location: 2F 1-1: Called Strike 1-2: Ball 2-2: Strikes out swinging
|
|
Batting: RHB Steve Terrell
|
0-0: Called Strike 0-1: Ball 1-1: Fly out, F8 (Flyball, 8RM, EV 76.2 MPH)
|
| Bottom of the 1st over - 0 runs, 0 hits, 0 errors, 0 left on base; Burlington 0 - Elizabethton 0 |
| TOP OF THE 2ND |
|
Burlington Royals batting - Pitching for Elizabethton Twins : RHP Ruben Calderon
|
|
Batting: SHB Bill Ertl
|
0-0: Foul Ball, location: 2F 0-1: Ball 1-1: Ball 2-1: Fly out, F7 (Flyball, 78M, EV 88.8 MPH)
|
|
Batting: RHB Phil Hamby
|
0-0: Ball 1-0: Swinging Strike 1-1: Swinging Strike 1-2: Foul Ball, location: 2F 1-2: Ground out 5-3 (Groundball, 56, EV 83.8 MPH)
|
|
Batting: LHB Pablo Serrato
|
0-0: Swinging Strike 0-1: Foul Ball, location: 2F 0-2: Ball 1-2: Foul Ball, location: 2F 1-2: Foul Ball, location: 2F 1-2: Ball 2-2: Ball 3-2: Foul Ball, location: 2F 3-2: DOUBLE (Flyball, 8LXD, EV 99.4 MPH)
|
|
Batting: SHB Danny Ballenger
|
0-0: Ball 1-0: Ball 2-0: Ball 3-0: Base on Balls
|
|
Batting: RHB Carlos Almada
|
0-0: Fly out, F8 (Flyball, 8LD, EV 96.9 MPH)
|
| Top of the 2nd over - 0 runs, 1 hit, 0 errors, 2 left on base; Burlington 0 - Elizabethton 0 |
| BOTTOM OF THE 2ND |
|
Elizabethton Twins batting - Pitching for Burlington Royals : LHP Butch Ott
|
|
Batting: LHB Marshall Daul
|
0-0: Ball 1-0: Ball 2-0: Fly out, F9 (Flyball, 9LS, EV 85.6 MPH)
|
|
Batting: RHB David McDonald
|
0-0: Ball 1-0: Foul Ball, location: 2F 1-1: Swinging Strike 1-2: Strikes out looking
|
|
Batting: LHB Hector Olvera
|
0-0: Ball 1-0: Foul Ball, location: 2F 1-1: Foul Ball, location: 2F 1-2: Ball 2-2: SINGLE (Line Drive, 34, EV 107.5 MPH)
|
|
Batting: RHB Sergio Gomez
|
0-0: Foul Ball, location: 2F 0-1: Ball 1-1: Foul Ball, location: 2F 1-2: DOUBLE (Line Drive, 89D, EV 100.6 MPH) Hector Olvera to third Runner from 3rd tries for Home, SAFE, throw by RF to trailing runner, OUT at third! 9-3-5
|
| Bottom of the 2nd over - 1 run, 2 hits, 0 errors, 0 left on base; Burlington 0 - Elizabethton 1 |
| TOP OF THE 3RD |
|
Burlington Royals batting - Pitching for Elizabethton Twins : RHP Ruben Calderon
|
|
Batting: RHB Bobby Matyas
|
0-0: Ball 1-0: Swinging Strike 1-1: Foul Ball, location: 2F 1-2: Fly out, F9 (Flyball, 9LS, EV 78.1 MPH)
|
|
Batting: LHB Bobby Gonzalez
|
0-0: Foul Ball, location: 2F 0-1: Called Strike 0-2: Strikes out swinging
|
|
Batting: LHB Mike Bhatti
|
0-0: Fly out, F8 (Line Drive, 8RD, EV 98.1 MPH)
|
| Top of the 3rd over - 0 runs, 0 hits, 0 errors, 0 left on base; Burlington 0 - Elizabethton 1 |
| BOTTOM OF THE 3RD |
|
Elizabethton Twins batting - Pitching for Burlington Royals : LHP Butch Ott
|
|
Batting: RHB Wil Patterson
|
0-0: Ball 1-0: Ground out 2-3 (Groundball, 2L, EV 71.2 MPH)
|
|
Batting: LHB Jon Ventura
|
0-0: Fly out, F7 (Line Drive, 7, EV 83.8 MPH)
|
|
Batting: RHB Caleb Bockmann
|
0-0: Ball 1-0: Ground out 6-3 (Groundball, 6, EV 95.0 MPH)
|
| Bottom of the 3rd over - 0 runs, 0 hits, 0 errors, 0 left on base; Burlington 0 - Elizabethton 1 |
| TOP OF THE 4TH |
|
Burlington Royals batting - Pitching for Elizabethton Twins : RHP Ruben Calderon
|
|
Batting: RHB Nick Julien
|
0-0: Ball 1-0: Called Strike 1-1: Ball 2-1: Fly out, F1 (Line Drive, P, EV 70.6 MPH)
|
|
Batting: SHB Bill Ertl
|
0-0: Called Strike 0-1: Swinging Strike 0-2: Strikes out looking
|
|
Batting: RHB Phil Hamby
|
0-0: Foul Ball, location: 2F 0-1: Swinging Strike 0-2: Ball 1-2: Ball 2-2: Strikes out swinging
|
| Top of the 4th over - 0 runs, 0 hits, 0 errors, 0 left on base; Burlington 0 - Elizabethton 1 |
| BOTTOM OF THE 4TH |
|
Elizabethton Twins batting - Pitching for Burlington Royals : LHP Butch Ott
|
|
Batting: RHB Kevin Harris
|
0-0: SINGLE (Groundball, 4MD, EV 95.6 MPH)
|
|
Batting: RHB Steve Terrell
|
0-0: Called Strike 0-1: Ball 1-1: Fly out, F9 (Line Drive, 9S, EV 89.4 MPH)
|
|
Batting: LHB Marshall Daul
|
0-0: Ball 1-0: Ball 2-0: Ball Wild Pitch! Kevin Harris to second 3-0: Called Strike 3-1: Fly out, F4 (Flyball, 4D, EV 93.1 MPH)
|
|
Batting: RHB David McDonald
|
0-0: Called Strike 0-1: Called Strike 0-2: Ball 1-2: Ball 2-2: Ball 3-2: Ground out 4-3 (Groundball, 4M, EV 108.1 MPH)
|
| Bottom of the 4th over - 0 runs, 1 hit, 0 errors, 1 left on base; Burlington 0 - Elizabethton 1 |
| TOP OF THE 5TH |
|
Burlington Royals batting - Pitching for Elizabethton Twins : RHP Ruben Calderon
|
|
Batting: LHB Pablo Serrato
|
0-0: Fly out, F4 (Flyball, 4D, EV 89.4 MPH)
|
|
Batting: SHB Danny Ballenger
|
0-0: Called Strike 0-1: Ball 1-1: Fly out, F5 (Popup, 56S, EV 73.8 MPH)
|
|
Batting: RHB Carlos Almada
|
0-0: Ball 1-0: Ball 2-0: Called Strike 2-1: Foul Ball, location: 2F 2-2: SINGLE (Groundball, 34D, EV 103.1 MPH)
|
|
Batting: RHB Bobby Matyas
|
0-0: Swinging Strike 0-1: Swinging Strike 0-2: Ball 1-2: Ball 2-2: Ground out 4-3 (Groundball, 4S, EV 66.2 MPH)
|
| Top of the 5th over - 0 runs, 1 hit, 0 errors, 1 left on base; Burlington 0 - Elizabethton 1 |
| BOTTOM OF THE 5TH |
|
Elizabethton Twins batting - Pitching for Burlington Royals : LHP Butch Ott
|
|
Batting: LHB Hector Olvera
|
0-0: Ball 1-0: Ball 2-0: Ball 3-0: Base on Balls
|
|
Batting: RHB Sergio Gomez
|
0-0: Called Strike 0-1: Grounds into double play, 5-4-3 (Groundball, 56S, EV 80.0 MPH)
|
|
Batting: RHB Wil Patterson
|
0-0: Called Strike 0-1: Ball 1-1: Ball 2-1: Called Strike 2-2: Ball 3-2: Base on Balls
|
|
Batting: LHB Jon Ventura
|
0-0: Ball 1-0: Foul Ball, location: 2F 1-1: Ball 2-1: Ball 3-1: Fly out, F8 (Flyball, 89D, EV 95.6 MPH)
|
| Bottom of the 5th over - 0 runs, 0 hits, 0 errors, 1 left on base; Burlington 0 - Elizabethton 1 |
| TOP OF THE 6TH |
|
Burlington Royals batting - Pitching for Elizabethton Twins : RHP Ruben Calderon
|
|
Batting: LHB Bobby Gonzalez
|
0-0: Ball 1-0: Called Strike 1-1: Ground out U3 (Groundball, 34, EV 86.9 MPH)
|
|
Pitching: LHP Bryan Rouse
|
|
|
Batting: LHB Mike Bhatti
|
0-0: Called Strike 0-1: Hit by Pitch
|
|
Batting: RHB Nick Julien
|
0-0: Ball 1-0: Foul Ball, location: 2F 1-1: Foul Ball, location: 2F 1-2: Strikes out swinging
|
|
Batting: SHB Bill Ertl
|
0-0: DOUBLE (Line Drive, 89D, EV 103.8 MPH) Mike Bhatti to third
|
|
Batting: RHB Phil Hamby
|
0-0: Ball 1-0: Called Strike 1-1: Ball 2-1: Foul Ball, location: 2F 2-2: Foul Ball, location: 2F 2-2: Ball 3-2: Foul Ball, location: 2F 3-2: Foul Ball, location: 2F 3-2: Foul Ball, location: 2F 3-2: Ground out 4-3 (Groundball, 4MS, EV 63.1 MPH)
|
| Top of the 6th over - 0 runs, 1 hit, 0 errors, 2 left on base; Burlington 0 - Elizabethton 1 |
| BOTTOM OF THE 6TH |
|
Elizabethton Twins batting - Pitching for Burlington Royals : LHP Butch Ott
|
|
Batting: RHB Caleb Bockmann
|
0-0: Called Strike 0-1: Ball 1-1: Swinging Strike 1-2: Strikes out swinging
|
|
Batting: RHB Kevin Harris
|
0-0: Ball 1-0: Foul Ball, location: 2F 1-1: Ball 2-1: Ball 3-1: Foul Ball, location: 2F 3-2: Foul Ball, location: 2F 3-2: Base on Balls
|
|
Pitching: LHP Brett Reed
|
|
|
Batting: RHB Steve Terrell
|
0-0: Foul Ball, location: 2F 0-1: Swinging Strike 0-2: Grounds into double play, 4-6-3 (Groundball, 4, EV 92.5 MPH)
|
| Bottom of the 6th over - 0 runs, 0 hits, 0 errors, 0 left on base; Burlington 0 - Elizabethton 1 |
| TOP OF THE 7TH |
|
Burlington Royals batting - Pitching for Elizabethton Twins : LHP Bryan Rouse
|
|
Pitching: RHP Miguel Montelongo
|
|
|
Batting: LHB Pablo Serrato
|
0-0: Ball 1-0: DOUBLE (Groundball, 3L, EV 107.5 MPH)
|
|
Batting: SHB Danny Ballenger
|
0-0: Called Strike 0-1: Foul Ball, location: 2F 0-2: Foul Ball, location: 2F 0-2: Ball 1-2: Ball 2-2: Foul Ball, location: 2F 2-2: 2-RUN HOME RUN (Flyball, 7D, EV 96.9 MPH), Distance : 374 ft
|
|
Batting: RHB Carlos Almada
|
0-0: Ball 1-0: Foul Ball, location: 2F 1-1: DOUBLE (Flyball, 8RXD, EV 112.5 MPH)
|
|
Batting: RHB Bobby Matyas
|
0-0: Foul Ball, location: 2F 0-1: Ground out 6-3 (Groundball, 6, EV 103.1 MPH)
|
|
Batting: LHB Bobby Gonzalez
|
0-0: Ball 1-0: Foul Ball, location: 2F 1-1: Ball 2-1: Foul Ball, location: 2F 2-2: Foul Ball, location: 2F 2-2: Ball 3-2: Foul Ball, location: 2F 3-2: SINGLE (Line Drive, 6MD, EV 99.4 MPH) Carlos Almada to third
|
|
Batting: LHB Mike Bhatti
|
0-0: Called Strike 0-1: Foul Ball, location: 2F 0-2: Fly out, F9 (Flyball, 9D, EV 82.5 MPH) Runner from 3rd tags up, OUT at HOME! 9-2
|
| Top of the 7th over - 2 runs, 4 hits, 0 errors, 1 left on base; Burlington 2 - Elizabethton 1 |
| BOTTOM OF THE 7TH |
|
Elizabethton Twins batting - Pitching for Burlington Royals : LHP Brett Reed
|
|
Batting: LHB Marshall Daul
|
0-0: Foul Ball, location: 2F 0-1: Ball 1-1: DOUBLE (Flyball, 9LD, EV 98.8 MPH)
|
|
Batting: RHB David McDonald
|
0-0: Called Strike 0-1: Ground out 6-3 (Groundball, 6, EV 82.5 MPH) Marshall Daul to third
|
|
Pinch Hitting: RHB Tim Carter
|
0-0: Ground out 5-3 (Groundball, 5S, EV 83.8 MPH)
|
|
Batting: RHB Sergio Gomez
|
0-0: Ball 1-0: Ball 2-0: Foul Ball, location: 2F 2-1: Swinging Strike 2-2: Ball Wild Pitch! Marshall Daul scores 3-2: Base on Balls
|
|
Batting: RHB Wil Patterson
|
0-0: Ball 1-0: Ball 2-0: Ball Wild Pitch! Sergio Gomez to second 3-0: Called Strike 3-1: Ground out 5-3 (Groundball, 56S, EV 78.8 MPH)
|
| Bottom of the 7th over - 1 run, 1 hit, 0 errors, 1 left on base; Burlington 2 - Elizabethton 2 |
| TOP OF THE 8TH |
|
Burlington Royals batting - Pitching for Elizabethton Twins : RHP Miguel Montelongo
|
|
Pitching: RHP Takeshi Kusanagi
|
|
|
Now in RF: Bill Lorimer
|
|
|
Batting: RHB Nick Julien
|
0-0: Ball 1-0: Foul Ball, location: 2F 1-1: Called Strike 1-2: Ball 2-2: Ball 3-2: Strikes out looking
|
|
Batting: SHB Bill Ertl
|
0-0: Ball 1-0: Ball 2-0: Fly out, F7 (Flyball, 7, EV 90.6 MPH)
|
|
Batting: RHB Phil Hamby
|
0-0: Foul Ball, location: 2F 0-1: Called Strike 0-2: Ball 1-2: Ball 2-2: Strikes out swinging
|
| Top of the 8th over - 0 runs, 0 hits, 0 errors, 0 left on base; Burlington 2 - Elizabethton 2 |
| BOTTOM OF THE 8TH |
|
Elizabethton Twins batting - Pitching for Burlington Royals : LHP Brett Reed
|
|
Pinch Hitting: RHB Nate Matson
|
0-0: Ball 1-0: Ball 2-0: Ball 3-0: Called Strike 3-1: Called Strike 3-2: Foul Ball, location: 2F 3-2: Strikes out swinging
|
|
Batting: RHB Caleb Bockmann
|
0-0: Called Strike 0-1: Swinging Strike 0-2: Foul Ball, location: 2F 0-2: Strikes out looking
|
|
Batting: RHB Kevin Harris
|
0-0: DOUBLE (Line Drive, 9LS, EV 105.6 MPH)
|
|
Batting: RHB Steve Terrell
|
0-0: Called Strike 0-1: Called Strike 0-2: Ball 1-2: Foul Ball, location: 2F 1-2: Strikes out looking
|
| Bottom of the 8th over - 0 runs, 1 hit, 0 errors, 1 left on base; Burlington 2 - Elizabethton 2 |
| TOP OF THE 9TH |
|
Burlington Royals batting - Pitching for Elizabethton Twins : RHP Takeshi Kusanagi
|
|
Pitching: LHP Mark Challinor
|
|
|
Now at 1B: Tomas Espino
|
|
|
Batting: LHB Pablo Serrato
|
0-0: Called Strike 0-1: Foul Ball, location: 2F 0-2: Ball 1-2: Ball 2-2: DOUBLE (Line Drive, 7LM, EV 113.1 MPH)
|
|
Batting: SHB Danny Ballenger
|
0-0: Foul Ball, location: 2F 0-1: Foul Ball, location: 2F 0-2: Ball 1-2: Ball 2-2: Ball 3-2: Base on Balls
|
|
Batting: RHB Carlos Almada
|
0-0: Ball 1-0: Ball 2-0: Ball 3-0: Base on Balls Pablo Serrato to third Danny Ballenger to second
|
|
Batting: RHB Bobby Matyas
|
0-0: Called Strike 0-1: SINGLE (Groundball, 56, EV 98.1 MPH) Pablo Serrato scores Danny Ballenger to third Carlos Almada to second
|
|
Pinch Hitting: RHB Adam Krieger
|
0-0: GRAND SLAM HOME RUN (Flyball, 7LD, EV 93.8 MPH), Distance : 349 ft
|
|
Batting: LHB Mike Bhatti
|
0-0: Foul Ball, location: 2F 0-1: Ground out 4-3 (Groundball, 4, EV 106.9 MPH)
|
|
Batting: RHB Nick Julien
|
0-0: Ball 1-0: Ball 2-0: Called Strike 2-1: Called Strike 2-2: SOLO HOME RUN (Flyball, 7D, EV 94.4 MPH), Distance : 361 ft
|
|
Batting: SHB Bill Ertl
|
0-0: Ball 1-0: Called Strike 1-1: Ball 2-1: Swinging Strike 2-2: Ball 3-2: Base on Balls
|
|
Batting: RHB Phil Hamby
|
0-0: Swinging Strike 0-1: Foul Ball, location: 2F 0-2: Ball 1-2: Strikes out looking
|
|
Batting: LHB Pablo Serrato
|
0-0: Ball 1-0: Ball 2-0: Foul Ball, location: 2F 2-1: Foul Ball, location: 2F 2-2: Ball 3-2: Foul Ball, location: 2F 3-2: Ground out 4-3 (Groundball, 4M, EV 88.1 MPH)
|
| Top of the 9th over - 6 runs, 4 hits, 0 errors, 1 left on base; Burlington 8 - Elizabethton 2 |
| BOTTOM OF THE 9TH |
|
Elizabethton Twins batting - Pitching for Burlington Royals : LHP Brett Reed
|
|
Now in CF: Dave Saldana
|
|
|
Batting: LHB Marshall Daul
|
0-0: Ball 1-0: Called Strike 1-1: Swinging Strike 1-2: Ball 2-2: Ball 3-2: Base on Balls
|
|
Batting: RHB David McDonald
|
0-0: Called Strike 0-1: Fielders Choice at 2nd, 4-6 (Groundball, 34, EV 85.6 MPH)
|
|
Batting: LHB Bill Lorimer
|
0-0: Fielders Choice at 2nd, 6-4 (Groundball, 6, EV 84.4 MPH)
|
|
Batting: RHB Sergio Gomez
|
0-0: Ball 1-0: Ball 2-0: Foul Ball, location: 2F 2-1: Ball 3-1: Swinging Strike 3-2: Ground out 6-3 (Groundball, 6, EV 78.1 MPH)
|
| Bottom of the 9th over - 0 runs, 0 hits, 0 errors, 1 left on base; Burlington 8 - Elizabethton 2 |
|